cohdb
Replays
Latest Replays
All Replays
Popular Replays
Top Player Replays
Match Explorer
How It Works
Community
CoH3 Stats
Reddit
Sign in to upload your games and track your stats! →
Sign in with Steam
Match 43297670
Unlisted
Match 43297670
Overview
Messages
Build Orders
End
Construct Section Command Post
Infantry Section
Selects Indian Artillery Battlegroup
Infantry Section
Infantry Section
ML 3-inch Mortar Team
Selects Artillery Saturation
Construct Platoon Command Post
Humber Armored Car
Humber Armored Car
Construct Company Command Post
Selects Valour
Selects Gurkha Rifles Section
Foot Guards Section
Selects Off-map Airburst Barrage
Matilda II Heavy Tank
Foot Guards Section
Infantry Training
Selects Off-map Airburst Barrage
Armored Vehicle Training
Off-map Airburst Barrage
Selects BL5.5 Artillery Emplacement
Unlock M3 Grant Medium Tanks
LuiSBa
PAUG.S®
Luque
TARNOS
Timezeit
KingKratos
0
0
Comments
sign in to comment!
No comments posted yet!